 Dungeon Crawl Stone Soup version 0.22.0-75-g3901e7991e (webtiles) character file.

37 JedernureinKreuz the Sneak (level 3, -2/24 HPs)
             Began as a Vampire Conjurer on Sept 14, 2018.
             Slain by a gnoll
             ... wielding a +0 flail
              (10 damage)
             ... on level 2 of the Dungeon.
             The game lasted 00:06:20 (1815 turns).

JedernureinKreuz the Sneak (Vampire Conjurer)       Turns: 1815, Time: 00:06:21

Health: -2/24      AC:  2    Str:  7    XL:     3   Next: 21%
Magic:  1/6        EV: 13    Int: 18    God:
Gold:   78         SH:  0    Dex: 14    Spells: 5/6 levels left

rFire    . . .     SeeInvis +   g - +0 dagger
rCold    + + .     Gourm    .   (no shield)
rNeg     + + +     Faith    .   a - +0 robe
rPois    ∞         Spirit   .   (no helmet)
rElec    .         Reflect  .   (no cloak)
rCorr    .         Harm     .   (no gloves)
MR       .....                  (no boots)
Stlth    ++++......             (no amulet)
HPRegen  0.00/turn              (no ring)
MPRegen  0.10/turn              (no ring)

@: bloodless, non-regenerating
A: fangs 3, see invisible, unbreathing
a: Bat Form


You were on level 2 of the Dungeon.
You were bloodless.

You visited 1 branch of the dungeon, and saw 2 of its levels.

You collected 78 gold pieces.

Inventory:

Hand Weapons
 g - a +0 dagger (weapon)
 k - a +0 hand crossbow
 o - a +0 hunting sling
 p - a +0 flail
Missiles
 i - 18 poisoned needles
 l - 16 sling bullets
 n - 11 arrows
 q - 18 stones (quivered)
Armour
 a - a +0 robe (worn)
Jewellery
 d - a cursed amulet of inaccuracy {unknown}
Scrolls
 b - a scroll of teleportation {unknown}
 e - a scroll of fog {unknown}
 f - a scroll of blinking {unknown}
 h - a scroll of magic mapping {unknown}
 j - 3 scrolls of remove curse {unknown}
 m - a scroll of enchant armour {unknown}
Potions
 c - 8 potions of blood
 r - a potion of curing {unknown}


   Skills:
 + Level 2.5 Dodging
 + Level 3.7 Stealth
 + Level 2.2 Spellcasting
 + Level 3.3 Conjurations


You had 5 spell levels left.
You knew the following spells:

 Your Spells              Type           Power        Failure   Level  Hunger
a - Magic Dart            Conj           ##..         4%          1    #......

Your spell library contained the following spells:

 Spells                   Type           Power        Failure   Level  Hunger
 Searing Ray              Conj           ##....       7%          2    ##.....
 Dazzling Spray           Conj/Hex       #.....       26%         3    ###....
 Iskenderun's Mystic Bla  Conj           ##......     41%         4    #####..
 Force Lance              Conj/Tloc      #.......     65%         4    #####..
 Fulminant Prism          Conj/Hex       #.........   65%         4    #####..


Dungeon Overview and Level Annotations

Branches:
Dungeon (2/15)

Altars:


Innate Abilities, Weirdness & Mutations

You do not heal naturally.
You are immune to poison.
You have razor-sharp teeth.
You have supernaturally acute eyesight. (SInv)
You can survive without breathing.


Message History

You don't have enough magic to cast that spell.
Unknown command.
A gnoll comes into view. It is wielding a halberd.
The gnoll shouts!
A gnoll comes into view. It is wielding a flail.
The gnoll hits you with a quarterstaff!
The gnoll shouts!
You hit the gnoll.
The gnoll is heavily wounded.
The gnoll misses you.
A worm comes into view.
You hit the gnoll but do no damage.
The gnoll is heavily wounded.
The gnoll completely misses you. The gnoll hits you with a quarterstaff.
The gnoll hits you with a quarterstaff. The gnoll barely misses you.
A rat comes into view.
The gnoll hits you with a flail!
You die...

#.#######.. #..# #.r.......<
#..# #.........# #.<#
#.........# ###..#
#......w..#######...##
#.........##.......##
##.........#[....##.#
#...g.g....#.#......#
#....g.@.....#....###
#.##.....#.###....#
#.##.#####.# #....# #†##.#
##.# ####.## #####.##.##
#..# #..##### #.........#
#.#### #..<....
#.........###....####...>...
#.........##.......##.......
#.........##.#..#.....######


You could see a worm, 3 gnolls and a rat (wandering).

Vanquished Creatures
  An ooze (D:1)
  A worm (D:2)
  2 dart slugs
  A leopard gecko (D:1)
  2 goblins (D:1)
  4 hobgoblins (D:1)
  2 jackals (D:1)
  5 bats
  3 frilled lizards
  3 rats
24 creatures vanquished.

Notes
Turn   | Place    | Note
-------+----------+-------------------------------------------
     0 | D:1      | JedernureinKreuz the Vampire Conjurer began the quest for
                  | the Orb.
     0 | D:1      | Reached XP level 1. HP: 13/13 MP: 3/3
   311 | D:1      | Reached XP level 2. HP: 19/19 MP: 0/5
  1110 | D:1      | Reached XP level 3. HP: 21/24 MP: 0/6
  1200 | D:2      | Found a faded altar of an unknown god.
  1815 | D:2      | Slain by a gnoll

Skill      XL: |  1 |
---------------+----+-----
Conjurations   | 3 |  3.3
Dodging        | |  2.5
Stealth        | |  3.7
Spellcasting   | |  2.2

Action                   || total
-------------------------++-------
Melee: Unarmed           ||    23
       Dagger            ||    31
       Bite              ||     3
 Cast: Magic Dart        ||    49
 Abil: End Transformatio ||     1
       Bat Form          ||     1
 Stab: Sleeping          ||     3
Armor: Robe              ||     6
Dodge: Dodged            ||    34
